 Dungeon Crawl Stone Soup version 0.28.0-43-g3370ac3207 (webtiles) character file.

Game seed: 9869167561365751225

66437 Kaptain the Earth Mage (level 15, 18/100 HPs)
             Began as a Gargoyle Earth Elementalist on Mar 16, 2022.
             Quit the game on level 3 of the Abyss.
             The game lasted 01:04:42 (33859 turns).

Kaptain the Earth Mage (GrEE)                      Turns: 33859, Time: 01:04:43

Health: 18/100     AC: 27    Str: 16    XL:     15   Next: 19%
Magic:  4/30       EV: 15    Int: 28    God:
Gold:   1672       SH:  5    Dex: 14    Spells: 33/37 levels left

rFire   . . .      SeeInvis .   Q - +2 eveningstar
rCold   + . .      Faith    .   S - +0 buckler
rNeg    + + .      Spirit   .   i - +0 steam dragon scales
rPois   ∞          Reflect  .   J - +2 hat {Int+3}
rElec   +          Harm     .   j - +2 cloak {rCorr}
rCorr   +          Rampage  .   I - +1 pair of gloves of Muttered Phrases {rC+ Str+4}
Will    +....                   F - +0 pair of boots
Stlth   ++........              y - amulet of regeneration
HPRegen 1.06/turn               l - ring of positive energy
MPRegen 0.22/turn               x - ring of Qaokhluas {EV+4 Dex+4}

@: flying, wreathed by umbra
A: sickness immunity, AC +11, big wings, negative energy resistance 1,
electricity resistance, torment resistance 1, petrification resistance, clever 1
a: no special abilities


You were on level 3 of the Abyss.
You visited 5 branches of the dungeon, and saw 19 of its levels.
You visited the Abyss 1 time.
You also visited: Bailey.

You collected 1672 gold pieces.

Inventory:

Hand Weapons
 d - a +2 vampiric scimitar
 o - a +2 dagger of venom
 E - a +3 hunting sling
 Q - a +2 eveningstar (weapon)
 T - a +3 long sword
Missiles
 c - 62 stones (quivered)
 h - 12 datura-tipped darts
 r - 9 javelins
 W - 3 throwing nets
Armour
 i - +0 steam dragon scales (worn)
 j - a +2 cloak of preservation (worn)
 q - the +0 cloak "Fiorchos" {rC- Int+9 Dex+3 Stlth-}
   (You found it in a bailey)

   Int:       It affects your intelligence (+9).
   Dex:       It affects your dexterity (+3).
   rC:        It makes you vulnerable to cold.
   Stlth:     It makes you less stealthy.
 B - +0 fire dragon scales
 D - +0 acid dragon scales
 F - a +0 pair of boots (worn)
 I - the +1 pair of gloves of Muttered Phrases (worn) {rC+ Str+4}
   (You found it on level 2 of the Lair of Beasts)

   Str:       It affects your strength (+4).
   rC:        It protects you from cold.
 J - a +2 hat of intelligence (worn)
 S - a +0 buckler (worn)
Magical Staves
 n - a staff of earth
Jewellery
 l - a ring of positive energy (left hand)
 p - a ring of fire
 x - the ring of Qaokhluas (right hand) {EV+4 Dex+4}
   (You found it on level 8 of the Dungeon)

   [ring of evasion]

   EV:        It affects your evasion (+4).
   Dex:       It affects your dexterity (+4).
 y - an amulet of regeneration (around neck)
 z - a ring of willpower
 H - a +6 ring of strength
Wands
 v - a wand of acid (22)
 C - a wand of flame (18)
 L - a wand of iceblast (19)
 P - a wand of digging (15)
 V - a wand of paralysis (13)
 Y - a wand of polymorph (8)
Scrolls
 a - 2 scrolls of fog
 g - 2 scrolls of magic mapping
 t - a scroll of immolation
 u - a scroll of summoning
 w - 5 scrolls of teleportation
 A - a scroll of holy word
 G - 8 scrolls of identify
 N - 3 scrolls of amnesia
 O - a scroll of blinking
 R - a scroll of enchant weapon
Potions
 b - 2 potions of heal wounds
 e - 2 potions of lignification
 f - 3 potions of mutation
 k - a potion of curing
 m - a potion of invisibility
 s - a potion of ambrosia
 M - 2 potions of resistance
 U - 2 potions of berserk rage
 Z - a potion of brilliance


   Skills:
 * Level 13.6 Fighting
 + Level 9.8 Armour
 - Level 1.5 Dodging
 - Level 2.1 Stealth
 + Level 4.1 Shields
 * Level 11.7 Spellcasting
 * Level 13.6 Conjurations
 - Level 0.7 Transmutations
 * Level 15.2 Earth Magic


You had 33 spell levels left.
You knew the following spells:

 Your Spells              Type           Power      Damage    Failure   Level
a - Sandblast             Erth           100%       2d20      0%          1
b - Stone Arrow           Conj/Erth      100%       3d13      1%          3

Your spell library contained the following spells:

 Spells                   Type           Power      Damage    Failure   Level
 Passwall                 Tmut/Erth      47%        N/A       1%          2
 Petrify                  Tmut/Erth      57%        N/A       1%          4
 Apportation              Tloc           32%        N/A       4%          1
 Borgnjor's Vile Clutch   Necr/Erth      28%        N/A       5%          5
 Corpse Rot               Necr/Air       32%        N/A       6%          2
 Poisonous Vapours        Pois/Air       32%        N/A       6%          2
 Animate Dead             Necr           8%         N/A       38%         4
 Alistair's Intoxication  Tmut/Pois      12%        N/A       71%         5
 Eringya's Noxious Bog    Tmut/Pois      9%         N/A       99%         6
 Haunt                    Necr/Summ      8%         N/A       100%        7
 Infestation              Necr           8%         N/A       100%        8


Dungeon Overview and Level Annotations

Branches:
Dungeon (9/15)             Temple (1/1) D:5            Lair (6/6) D:8
 Shoals (1/4) Lair:2       Spider (0/4) Lair:2        Slime (0/5) Lair:6
    Orc (2/2) D:9             Elf (0/3) Orc:2        Bailey (visited)

Altars:
Ashenzari
Cheibriados
Dithmenos
Elyvilon
Fedhas
Gozag
Hepliaklqana
Makhleb
Nemelex Xobeh
Okawaru
Qazlal
Ru
Sif Muna
Trog
Uskayaw
Vehumet
Wu Jian
Xom
Yredelemnul
Zin
The Shining One
Beogh

Shops:
D:8 ?   Orc:1 [(   Orc:2 *=!=

Annotations:
Lair:2 Louise
Orc:1 Erolcha


Innate Abilities, Weirdness & Mutations

You are immune to sickness and miasma.
Your stone body is resilient. (AC +11)
You are immune to poison.
Your large and strong wings let you fly.
You resist negative energy. (rN+)
You are resistant to electric shocks. (rElec)
You are resistant to unholy torment.
You are immune to petrification.
Your mind is acute. (Int +2)


Message History

Aiming: Stone Arrow (safe; 1% risk of failure)
Press: ? - help, Shift-Dir - straight line, f/p - profane servitor
Aim: a profane servitor, wielding a +1 whip (moderately damaged, umbra, 38% to hit)
The stone arrow hits the profane servitor!
The profane servitor is moderately damaged.
The profane servitor hits you but does no damage. x2
Casting: Stone Arrow (safe; 1% risk of failure)
Confirm with . or Enter, or press ? or * to list all spells.
You don't have enough magic to cast this spell.
Unknown command.
You barely miss the profane servitor.
The profane servitor is moderately damaged.
The profane servitor closely misses you.
The profane servitor hits you but does no damage. x5
You closely miss the profane servitor.
The profane servitor is moderately damaged.
The profane servitor barely misses you. The profane servitor misses you.
The profane servitor hits you but does no damage.
You block the profane servitor's attack.
You miss the profane servitor.
The profane servitor is moderately damaged.
The profane servitor barely misses you.
The profane servitor hits you with a +1 whip!
* * * LOW HITPOINT WARNING * * *
The profane servitor hits you but does no damage.
The profane servitor barely misses you.
You miss the profane servitor.
The profane servitor is moderately damaged.
The profane servitor closely misses you. x2
The profane servitor hits you but does no damage. x3
You block the profane servitor's attack.
Unknown command.
You miss the profane servitor.
The profane servitor is moderately damaged.
You block the profane servitor's attack.
The profane servitor hits you but does no damage.
The profane servitor hits you with a +1 whip.
* * * LOW HITPOINT WARNING * * *
The profane servitor barely misses you.
Are you sure you want to abandon this character and quit the game? (Confirm with "yes".)

. # .#
..# .#
...#.
###
##. .#
##.
.#.#
#.
#.###
#.#.##
##.
#A#.#
#@#..#
###
#..
.##. #
##


You could see a profane servitor.

Vanquished Creatures
  Gastronok (Lair:2)
  A fire dragon (Lair:6)
  4 hydras
  Harold (D:9)
  2 catoblepae (Lair:4)
  A two-headed ogre (D:9)
  An anaconda (Lair:6)
  4 death yaks
  Urug (Lair:4)
  6 orc high priests
  An orb spider (Lair:2)
  A swamp dragon (Lair:6)
  Pikel (D:9)
  A lindwurm (Lair:3)
  2 orc sorcerers
  A cyclops (Orc:1)
  7 black mambas
  5 elephants
  A gargoyle (Bailey)
  13 cane toads
  2 torpor snails
  4 rime drakes
  2 kobold demonologists (D:9)
  15 komodo dragons
  6 trolls
  10 polar bears
  7 raiju (Lair:6)
  6 dream sheep
  7 blink frogs
  9 spriggans
  2 vampires (Bailey)
  6 wyverns
  55 yaks
  A wraith (D:5)
  Eustachio (D:6)
  8 basilisks
  13 wargs
  4 steam dragons (Lair:6)
  Menkaure (D:5)
  10 hell hounds (Lair:6)
  2 acid dragons (Lair:6)
  15 water moccasins
  15 black bears
  A hornet zombie (D:7)
  An ice beast (D:8)
  4 sky beasts
  14 orc warriors
  35 wolves
  13 ogres
  3 necrophages (D:4)
  4 centaurs
  A lemure (D:9)
  A phantom (D:5)
  Blork the orc (D:6)
  11 bullfrogs
  5 kobold brigands
  6 gnoll sergeants
  3 scorpions
  2 water moccasin skeletons (D:4)
  10 wights
  4 howler monkeys
  8 vampire bats (Bailey)
  3 wolf zombies (Bailey)
  2 electric eels
  3 centaur zombies
  28 orc priests
  A human zombie (D:4)
  A centaur skeleton (D:5)
  3 hounds
  Ijyb (D:3)
  7 iguanas
  5 orc wizards
  2 hell rats (Lair:3)
  A scorpion zombie (D:4)
  A killer bee zombie (D:5)
  2 mummies (D:4)
  A howler monkey zombie (D:9)
  2 howler monkey skeletons
  12 gnolls
  10 river rats (Lair:3)
  7 adders
  An ufetubus (D:6)
  An adder skeleton (D:5)
  3 adder zombies (D:4)
  3 worms
  2 dart slugs
  74 orcs
  5 ball pythons
  4 bats
  8 endoplasms
  4 giant cockroaches
  4 goblins
  5 hobgoblins
  7 quokkas
  3 frilled lizards
  15 kobolds
  24 orc zombies (Bailey)
  9 rats
647 creatures vanquished.

Vanquished Creatures (others)
  An orc priest (Orc:2)
  An orc (Orc:1)
  23 fungi
  70 plants
95 creatures vanquished.

Grand Total: 742 creatures vanquished

Notes
Turn   | Place    | Note
-------+----------+-------------------------------------------
     0 | D:1      | Kaptain the Gargoyle Earth Elementalist began the quest for
                  | the Orb.
     0 | D:1      | Reached XP level 1. HP: 10/10 MP: 3/3
   302 | D:1      | Reached XP level 2. HP: 16/16 MP: 1/5
   341 | D:1      | Found a faded altar of an unknown god.
   346 | D:1      | Got Plato's Incunabulum of the Voyage
   955 | D:1      | Reached skill level 1 in Fighting
  1101 | D:1      | Reached skill level 1 in Conjurations
  1500 | D:1      | Reached skill level 4 in Earth Magic
  1806 | D:2      | Reached XP level 3. HP: 20/20 MP: 2/6
  2026 | D:2      | Reached skill level 1 in Armour
  2028 | D:2      | Reached XP level 4. HP: 25/25 MP: 0/7
  2039 | D:2      | Learned a level 3 spell: Stone Arrow
  2900 | D:3      | Reached XP level 5. HP: 4/30 MP: 0/8
  3245 | D:3      | Noticed Ijyb
  3342 | D:3      | Killed Ijyb
  4530 | D:4      | Reached XP level 6. HP: 35/36 MP: 3/10
  4655 | D:4      | Reached skill level 5 in Earth Magic
  4806 | D:4      | Found a basalt altar of Yredelemnul.
  5039 | D:4      | Noticed a necrophage
  5043 | D:4      | Killed a necrophage
  5044 | D:4      | Reached XP level 7. HP: 39/41 MP: 0/12
  5805 | D:4      | Reached skill level 6 in Earth Magic
  6220 | D:5      | Entered Level 5 of the Dungeon
  6368 | D:5      | Reached XP level 8. HP: 44/48 MP: 8/14
  6629 | D:5      | Noticed a wraith
  6633 | D:5      | Killed a wraith
  6855 | D:5      | Found a staircase to the Ecumenical Temple.
  6861 | D:5      | Reached skill level 5 in Fighting
  6861 | D:5      | Reached skill level 5 in Conjurations
  7007 | Temple   | Entered the Ecumenical Temple
  7110 | D:5      | Noticed Menkaure
  7115 | D:5      | Killed Menkaure
  7116 | D:5      | Reached skill level 7 in Earth Magic
  7606 | D:6      | Reached skill level 5 in Spellcasting
  7606 | D:6      | Reached XP level 9. HP: 54/54 MP: 12/16
  7861 | D:6      | Noticed Eustachio
  7863 | D:6      | Killed Eustachio
  7969 | D:6      | Found a bloodstained altar of Trog.
  8195 | D:6      | Noticed a troll
  8202 | D:6      | Killed a troll
  8203 | D:6      | Reached skill level 8 in Earth Magic
  8390 | D:6      | Noticed Blork the orc
  8394 | D:6      | Killed Blork the orc
  9163 | D:7      | Reached XP level 10. HP: 7/63 MP: 0/19
  9164 | D:7      | HP: 1/63 [orc priest/divine providence (14)]
  9306 | D:7      | Found a flagged portal.
  9311 | Bailey   | Entered a bailey
  9488 | Bailey   | Reached skill level 5 in Armour
 10221 | Bailey   | Noticed a gargoyle
 10224 | Bailey   | Killed a gargoyle
 10225 | Bailey   | Reached skill level 9 in Earth Magic
 10678 | Bailey   | Identified the +0 cloak "Fiorchos" {rC- Int+9 Dex+3 Stlth-}
 10798 | D:7      | Gained mutation: Your spells are a little easier to cast,
                  | but a little less powerful. [potion of mutation]
 10798 | D:7      | Gained mutation: You are partially covered in iridescent
                  | scales. (AC +2) [potion of mutation]
 10798 | D:7      | Gained mutation: Armour fits poorly on your strangely
                  | shaped body. [potion of mutation]
 10799 | D:7      | Lost mutation: Your spells are a little easier to cast, but
                  | a little less powerful. [potion of mutation]
 10799 | D:7      | Lost mutation: You are partially covered in iridescent
                  | scales. (AC +2) [potion of mutation]
 10799 | D:7      | Lost mutation: Armour fits poorly on your strangely shaped
                  | body. [potion of mutation]
 10799 | D:7      | Gained mutation: You are robust. (+10% HP) [potion of
                  | mutation]
 10799 | D:7      | Gained mutation: Your mind is acute. (Int +2) [potion of
                  | mutation]
 10799 | D:7      | Lost mutation: You are robust. (+10% HP) [potion of
                  | mutation]
 11229 | D:7      | Identified the +0 hat of the Robin {Int+4}
 11622 | D:8      | Found Paisuk's Magic Scroll Emporium.
 11731 | D:8      | Identified the ring of Qaokhluas {EV+4 Dex+4}
 11886 | D:8      | Found a staircase to the Lair.
 12053 | D:8      | Found a sacrificial altar of Ru.
 12370 | D:8      | Found an ornate altar of the Wu Jian Council.
 12435 | Lair:1   | Entered Level 1 of the Lair of Beasts
 12489 | Lair:1   | Noticed a cane toad
 12521 | Lair:1   | Killed a cane toad
 12859 | Lair:1   | Reached skill level 10 in Earth Magic
 12859 | Lair:1   | Reached XP level 11. HP: 45/69 MP: 3/21
 14099 | Lair:2   | Noticed Gastronok
 14317 | Lair:2   | Found a hole to the Spider Nest.
 14317 | Lair:2   | Noticed an orb spider
 14320 | Lair:2   | Killed an orb spider
 14474 | Lair:2   | Identified the +1 pair of gloves of Muttered Phrases {rC+
                  | Str+4}
 14605 | Lair:2   | Killed Gastronok
 14606 | Lair:2   | Reached skill level 11 in Earth Magic
 14951 | Lair:2   | Found a staircase to the Shoals.
 15190 | Lair:2   | Reached XP level 12. HP: 77/77 MP: 20/24
 15317 | Lair:2   | Noticed an eight-headed hydra
 15324 | Lair:2   | Killed an eight-headed hydra
 15325 | Lair:2   | Reached skill level 10 in Fighting
 15337 | Lair:2   | Reached skill level 10 in Conjurations
 16383 | Lair:3   | Reached skill level 12 in Earth Magic
 17818 | Lair:4   | Noticed an eight-headed hydra
 17823 | Lair:4   | Noticed a catoblepas
 17912 | Lair:4   | Killed a catoblepas
 18083 | Lair:4   | Noticed a death yak
 18097 | Lair:4   | Noticed a seven-headed hydra
 18456 | Lair:4   | Killed an eight-headed hydra
 18457 | Lair:4   | Reached XP level 13. HP: 78/84 MP: 12/26
 19030 | Lair:4   | Reached skill level 13 in Earth Magic
 19244 | Lair:3   | Reached skill level 10 in Spellcasting
 20385 | Lair:5   | Noticed Urug
 20394 | Lair:4   | Killed Urug
 22810 | D:9      | Found a staircase to the Orcish Mines.
 22891 | D:9      | Gained mutation: Your large and strong wings let you fly.
                  | [Gargoyle growth]
 22891 | D:9      | Reached XP level 14. HP: 86/92 MP: 1/28
 23079 | D:9      | Found a large runed translucent door.
 23079 | D:9      | Found a large runed translucent door.
 23352 | D:9      | Found a glowing silver altar of Zin.
 23379 | D:9      | Noticed Pikel
 23392 | D:9      | Killed Pikel
 23393 | D:9      | Reached skill level 14 in Earth Magic
 23960 | D:9      | Noticed Harold
 23971 | D:9      | Killed Harold
 23972 | D:9      | Reached skill level 1 in Shields
 24469 | D:9      | Found a radiant altar of Vehumet.
 24476 | D:9      | Found a broken altar of Ashenzari.
 24559 | Orc:1    | Entered Level 1 of the Orcish Mines
 24612 | Orc:1    | Found Arirod Guema's Armour Shoppe.
 24717 | Orc:1    | Paralysed by an orc sorcerer for 3 turns
 24950 | Orc:1    | Found Noex's Weapon Emporium.
 25358 | Orc:2    | Entered Level 2 of the Orcish Mines
 26184 | Orc:2    | Found a staircase to the Elven Halls.
 26550 | Orc:1    | Noticed Erolcha
 27163 | Orc:2    | Found Buamoamu's Distillery.
 27163 | Orc:2    | Found Reviurorch's Jewellery Emporium.
 27755 | Orc:2    | Found a shimmering altar of Xom.
 27917 | Orc:2    | Found Sabeh's General Store.
 27917 | Orc:2    | Found Guappum's Jewellery Emporium.
 28681 | Lair:6   | Entered Level 6 of the Lair of Beasts
 30124 | Lair:6   | Found a staircase to the Slime Pits.
 31780 | Lair:6   | Reached skill level 15 in Earth Magic
 32035 | Lair:6   | Reached XP level 15. HP: 99/99 MP: 17/30
 33648 | Shoals:1 | Entered Level 1 of the Shoals
 33648 | Shoals:1 | Noticed Louise
 33812 | Lair:2   | Cast into level 3 of the Abyss (Louise)
 33832 | Abyss:3  | Noticed a profane servitor
 33848 | Abyss:3  | HP: 1/100 [profane servitor/+1 whip (16)]
 33859 | Abyss:3  | Quit the game

Illustrated notes

Levels and vault maps discovered:
D:1:      dpeg_arrival_three_same_balls, layout_rooms,
          shapermc_ecumenical_altar_rom_forum, serial_co_window_serial,
          co_window_of_opportunity_a, co_window_corner_a, co_window_corner_a,
          co_window_paths_b, co_window_corner_a, co_window_2corner,
          co_window_paths_c, co_window_unsneaky_path_c, co_window_4corner_b,
          co_window_4corner_a, glass_columns_a, glass_columns_a,
          glass_columns_b, minmay_hedge_maze, st_stairs_4
D:2:      layout_rooms
D:3:      layout_basic, minivault_11, minmay_misc_feat_more_columns, uniq_ijyb
D:4:      layout_basic, lemuel_mausoleum_altar_yredelemnul,
          chequers_serial_rivers_marsh
D:5:      layout_loops_cross, minmay_temple_entry_wispy, uniq_menkaure
D:6:      layout_basic, trog_ov_bears_minmay, hex_tiny, st_stairs_13,
          serial_bayou_pond_b, chequers_serial_rivers_room_a,
          uniq_blork_the_orc, uniq_eustachio
D:7:      layout_loops_ring, enter_bailey_2, the_hattery
D:8:      layout_loops_cross, overflow_temple_1_default,
          nzn_wu_jian_council_hall, lair_entry_dummy, serial_shops,
          nicolae_shop_advertising_works [nicolae_subvault_shop_adworks]
D:9:      layout_basic, mainiacjoe_overflow_six_doors_small,
          jmf_multi_god_temple2, kennysheep_orc_monster_closet_entryway,
          uniq_pikel, uniq_harold
Temple:   zaba_magenta_temple
Lair:1:   layout_hall_layers, serial_bayou_shore_a, grunt_megastairs_3
Lair:2:   kb_forest_paths, layout_chaotic_city, shoals_dummy_entry,
          nicolae_spider_entry_orb_guardian, chequers_serial_rivers_micro_b,
          minivault_27, uniq_gastronok
Lair:3:   layout_regular_city, kennysheep_rathole
Lair:4:   beast_lair_carwin_large_1, layout_cave_shapes
Lair:5:   layout_cave_shapes, grunt_megastairs_4, uniq_urug
Lair:6:   guppyfry_lair_end_dragon, layout_gridlike,
          hangedman_lair_caniforms_friends, slime_dummy
Shoals:1: layout_shoals, st_sunken_huts, uniq_louise
Orc:1:    layout_caves, serial_shops, nicolae_shop_window_shopping, shop,
          nicolae_orc_rockfall, uniq_erolcha
Orc:2:    st_orc_town, layout_caves, basic_altar
Abyss:3:  base:
D:6

Skill      XL: |  1  2  3  4  5  6  7  8  9 10 11 12 13 14 15 |
---------------+----------------------------------------------+-----
Fighting       | 1 2 3 4 5 7 8 9 11 12 13 | 13.6
Conjurations   | 1 2 3 4 5 7 8 9 11 12 13 | 13.6
Earth Magic    | 4 5 6 7 8 10 11 12 13 15 | 15.2
Armour         | 1 2 3 4 5 6 7 8 9 |  9.8
Spellcasting   | 3 4 5 6 7 8 9 10 11 | 11.7
Shields        | 3 4 |  4.1
Dodging        | |  1.5
Stealth        | |  2.1
Transmutations | |  0.7

Action                   |  1- 3 |  4- 6 |  7- 9 | 10-12 | 13-15 || total
-------------------------+-------+-------+-------+-------+-------++-------
Melee: Unarmed           |     8 |       |       |       |       ||     8
       Short sword       |    24 |       |       |       |       ||    24
       Punch             |     1 |       |     2 |       |     2 ||     5
       Staff             |       |     3 |     1 |       |       ||     4
       Dagger            |       |    48 |       |       |       ||    48
       Rapier            |       |       |    17 |       |       ||    17
       Falchion          |       |       |    28 |    79 |     1 ||   108
       Eveningstar       |       |       |       |       |   108 ||   108
Throw: Javelin           |       |    20 |       |       |       ||    20
       Stone             |       |     3 |       |       |       ||     3
 Cast: Sandblast         |    30 |    69 |    44 |   165 |   126 ||   434
       Stone Arrow       |       |     7 |    70 |   224 |   693 ||   994
  Use: Scroll            |       |     6 |     3 |     6 |     6 ||    21
       Potion            |       |     2 |     4 |    13 |     4 ||    23
 Stab: Sleeping          |     1 |     5 |       |       |       ||     6
Armor: Robe              |     7 |       |       |       |       ||     7
       Leather armour    |     5 |    29 |    46 |   143 |   314 ||   537
       Skin              |       |       |       |     4 |       ||     4
       Steam dragon scal |       |       |       |       |    61 ||    61
Dodge: Dodged            |    15 |    62 |    66 |   205 |   485 ||   833
Block: Buckler           |       |       |       |       |   100 ||   100
